 Dungeon Crawl Stone Soup version 0.23.2-11-gf996548c65 (webtiles) character file.

Game seed: 16034041050325313545

6827 MalarOregon the Scholar of Death (level 11, -4/88 (92) HPs)
             Began as a Ghoul Necromancer on June 6, 2019.
             Was a Follower of Kikubaaqudgha.
             Slain by a komodo dragon (31 damage)
             ... on level 10 of the Dungeon.
             The game lasted 00:28:16 (13679 turns).

MalarOregon the Scholar of Death (GhNe)            Turns: 13679, Time: 00:28:17

HP:   -4/88 (92)    AC:  6    Str: 13    XL:     11   Next: 5%
MP:   15/18         EV: 15    Int: 18    God:    Kikubaaqudgha [*.....]
Gold: 347           SH:  0    Dex: 11    Spells: 13/21 levels left

rFire    . . .     SeeInvis .   a - +8 dagger of the Shallot {pierce, Int+5 Dex+2}
rCold    + . .     Gourm    .   (no shield)
rNeg     + + +     Faith    .   i - +1 robe
rPois    ∞         Spirit   .   F - -2 helmet (curse)
rElec    .         Reflect  .   (no cloak)
rCorr    .         Harm     .   b - +0 pair of gloves
MR       .....                  k - +2 pair of boots
Stlth    ++++......             f - amulet of magic regeneration
HPRegen  0.00/turn              h - ring of wizardry
MPRegen  0.41/turn              (no ring)

@: rotting
A: rotting body, claws 1, carnivore, cold resistance 1, negative energy
resistance 3, inhibited regeneration, torment resistance, unbreathing
a: Receive Corpses, Renounce Religion


You were on level 10 of the Dungeon.
You worshipped Kikubaaqudgha.
Kikubaaqudgha was aware of your devotion.
You were hungry.

You visited 2 branches of the dungeon, and saw 11 of its levels.
You also visited: Ossuary.

You collected 347 gold pieces.

Inventory:

Hand Weapons
 a - the +8 dagger of the Shallot (weapon) {pierce, Int+5 Dex+2}
   (You found it on level 4 of the Dungeon)

   It inflicts extra damage upon your enemies.
   It affects your intelligence (+5).
   It affects your dexterity (+2).
 n - a +2 dagger of venom
   (You took it off an orc wizard on level 2 of the Dungeon)
 p - a +2 short sword of venom
   (You took it off Duvessa on level 6 of the Dungeon)
Missiles
 c - 243 stones (quivered)
 u - 2 throwing nets {!f}
Armour
 b - a +0 pair of gloves (worn)
   (You found it on level 5 of the Dungeon)
 i - a +1 robe (worn)
 k - a +2 pair of boots (worn)
   (You found it on level 5 of the Dungeon)
 l - a +0 shield
   (You took it off a gnoll sergeant on level 5 of the Dungeon)
 A - a +3 leather armour of magic resistance
   (You took it off Duvessa on level 6 of the Dungeon)
 E - a +2 leather armour of cold resistance
   (You took it off an orc on level 8 of the Dungeon)
 F - a cursed -2 helmet (worn)
   (You found it on level 8 of the Dungeon)
Jewellery
 f - an amulet of magic regeneration (around neck)
   (You found it on level 1 of the Dungeon)
 h - a ring of wizardry (left hand)
   (You found it on level 5 of the Dungeon)
Wands
 d - a wand of iceblast (8)
   (You found it on level 7 of the Dungeon)
 t - a wand of flame (10)
   (You took it off a gnoll on level 8 of the Dungeon)
 D - a wand of enslavement (8)
   (You found it on level 8 of the Dungeon)
Scrolls
 j - 4 scrolls of remove curse {@r2}
 o - 2 scrolls of magic mapping
 r - a scroll of enchant armour
 s - a scroll of teleportation {@r4}
 x - 2 scrolls of blinking {unknown}
 z - 3 scrolls of identify {@r1}
 C - a scroll of summoning {unknown}
 G - 3 scrolls of fog {unknown}
Potions
 g - 3 potions of flight
 m - 2 potions of degeneration {unknown}
 q - 2 potions of heal wounds {unknown}
 v - 2 potions of might
 w - 2 potions of haste {@q3}
 y - 3 potions of curing {@q1}
Comestibles
 e - 22 rations {!d}


   Skills:
 + Level 7.1 Fighting
 + Level 6.4 Dodging
 + Level 8.3 Stealth
 - Level 0.4 Unarmed Combat
 + Level 5.9 Spellcasting
 * Level 10.5 Necromancy


You had 13 spell levels left.
You knew the following spells:

 Your Spells              Type           Power        Failure   Level  Hunger
a - Pain                  Necr           ####         1%          1    None
q - Vampiric Draining     Necr           #####.....   1%          3    ##.....
u - Animate Dead          Necr           N/A          1%          4    ####...

Your spell library contained the following spells:

 Spells                   Type           Power        Failure   Level  Hunger
 Animate Skeleton         Necr           N/A          1%          1    None
 Corpse Rot               Necr           N/A          1%          2    None
 Regeneration             Chrm/Necr      ###.......   1%          3    ##.....
 Apportation              Tloc           #.....       4%          1    None
 Confusing Touch          Hex            #.....       4%          1    None
 Summon Small Mammal      Summ           #...         4%          1    None


Dungeon Overview and Level Annotations

Branches:
Dungeon (10/15)            Temple (1/1) D:7             Orc (0/2) D:10
   Lair: D:8-11

Altars:
Ashenzari
Cheibriados
Dithmenos
Elyvilon
Fedhas
Gozag
Hepliaklqana
Kikubaaqudgha
Makhleb
Nemelex Xobeh
Okawaru
Qazlal
Ru
Sif Muna
Trog
Uskayaw
Vehumet
Wu Jian
Xom
Yredelemnul
Zin
The Shining One

Shops:
D:8 ?


Innate Abilities, Weirdness & Mutations

Your body is rotting away.
You thrive on raw meat.
You are immune to poison.
You have sharp fingernails.
You are carnivorous and can eat meat at any time.
Your flesh is cold resistant. (rC+)
You are immune to negative energy. (rN+++)
You do not regenerate when monsters are visible.
You are immune to unholy pain and torment.
You can survive without breathing.


Message History

You hit the wight but do no damage. The wight barely misses you.
The wight hits you with a +1 long sword of freezing.
You hit the wight.
You destroy the wight!
Kikubaaqudgha accepts your kill. The wight barely misses you.
You hit the wight but do no damage. You puncture the wight!
The wight closely misses you.
You barely miss the wight.
The wight hits you with a +2 long sword of protection.
You hit the wight but do no damage. The wight closely misses you.
You barely miss the wight.
The wight hits you with a +2 long sword of protection!
You hit the wight.
The wight hits you with a +2 long sword of protection.
* * * LOW HITPOINT WARNING * * *
You hit the wight but do no damage. You hit the wight.
You destroy the wight!
Kikubaaqudgha accepts your kill.
Okay, then.
A wight is nearby!
A wight is nearby!
You are too injured to fight recklessly!
Things that are here:
a +2 long sword of protection; a +0 robe You see here 8 gold pieces.
The helpless wight fails to defend itself.
You impale the wight!!
You destroy the wight!
Kikubaaqudgha accepts your kill.
There isn't anything to butcher here.
Things that are here:
a cursed +0 hand axe; a +0 robe You now have 341 gold pieces (gained 8).
You now have 347 gold pieces (gained 6).
Found a ring mail.
A komodo dragon comes into view.
Found 16 gold pieces.
Found 16 gold pieces.
The komodo dragon hisses angrily.
The komodo dragon closely misses you.
You closely miss the komodo dragon.
You are feeling hungry.
The komodo dragon bites you!!
* * * LOW HITPOINT WARNING * * *
Aim: a komodo dragon You feel life coursing into your body.
The komodo dragon bites you!!
You die...
Kikubaaqudgha rasps: "You have failed me!
Welcome... oblivion!"

##### ########
.)..########[.....#
....#.............#
....#.######......###
......# #........#
....### #....@l#$.
....# #....$.# ....#
#......# ....#
#####.## ##.## #.#
..# ..# ### .## .


You could see a komodo dragon.

Vanquished Creatures
  Josephine (D:10)
  2 two-headed ogres
  2 hippogriffs
  Sigmund (D:5)
  Menkaure (D:7)
  Duvessa (D:6)
  An orc warrior (D:6)
  A sky beast (D:5)
  3 ice beasts
  A phantom (D:4)
  2 centaurs
  3 ogres
  2 elf zombies (Ossuary)
  A gnoll sergeant (D:5)
  6 bullfrogs
  Dowan (D:6)
  2 scorpions
  A water moccasin skeleton (D:9)
  13 wights
  A howler monkey (D:6)
  3 crimson imps
  A centaur zombie (Ossuary)
  11 orc priests
  3 hounds
  2 human zombies (Ossuary)
  2 jellies
  7 orc wizards
  2 bullfrog skeletons
  A centaur skeleton (D:6)
  An iguana (D:4)
  3 worker ants
  A killer bee zombie (D:8)
  4 big kobold zombies (Ossuary)
  2 hound zombies
  3 hound skeletons
  2 mummies (Ossuary)
  A howler monkey zombie (D:6)
  16 gnolls
  18 adders
  3 shadow imps
  An ooze (D:2)
  4 adder skeletons
  2 adder zombies (D:8)
  3 dart slugs
  7 leopard geckos
  26 orcs
  5 bats
  10 giant cockroaches
  10 goblins
  7 hobgoblins
  9 jackals
  4 quokkas
  A ball python (D:3)
  7 frilled lizards
  A goblin zombie (Ossuary)
  9 hobgoblin zombies (Ossuary)
  A jackal zombie (Ossuary)
  5 kobolds
  8 kobold zombies (Ossuary)
  2 leopard gecko skeletons
  8 orc zombies (Ossuary)
  A quokka skeleton (D:6)
  4 rats
267 creatures vanquished.

Notes
Turn   | Place    | Note
-------+----------+-------------------------------------------
     0 | D:1      | MalarOregon the Ghoul Necromancer began the quest for the
                  | Orb.
     0 | D:1      | Reached XP level 1. HP: 14/14 MP: 2/2
   417 | D:1      | Reached XP level 2. HP: 7/22 MP: 0/3
  1374 | D:1      | Reached XP level 3. HP: 17/27 MP: 5/5
  1743 | D:1      | Reached skill level 1 in Fighting
  1901 | D:2      | Reached XP level 4. HP: 30/35 MP: 0/6
  1947 | D:2      | Learned a level 3 spell: Vampiric Draining
  2447 | D:2      | Found a faded altar of an unknown god.
  2568 | D:2      | Reached XP level 5. HP: 38/40 MP: 2/7
  3206 | D:2      | Reached skill level 5 in Necromancy
  3766 | D:3      | Reached XP level 6. HP: 34/48 MP: 4/8
  4569 | D:3      | Found a radiant altar of Vehumet.
  4729 | D:4      | Found a blossoming altar of Fedhas.
  4798 | D:4      | Reached XP level 7. HP: 33/56 MP: 3/10
  5505 | D:4      | Reached skill level 6 in Necromancy
  5925 | D:4      | Got an ichor-stained dagger
  6168 | D:4      | Identified the +8 dagger of the Shallot {pierce, Int+5
                  | Dex+2} (You found it on level 4 of the Dungeon)
  6172 | D:5      | Entered Level 5 of the Dungeon
  6335 | D:5      | Reached XP level 8. HP: 63/63 MP: 12/12
  6375 | D:5      | Found a sparkling altar of Nemelex Xobeh.
  7189 | D:5      | Noticed Sigmund
  7202 | D:5      | Killed Sigmund
  7202 | D:5      | Reached skill level 5 in Stealth
  7202 | D:5      | Reached skill level 7 in Necromancy
  7633 | D:6      | Found an iron altar of Okawaru.
  7773 | D:6      | Reached XP level 9. HP: 54/72 MP: 14/14
  8198 | D:6      | Reached skill level 8 in Necromancy
  8452 | D:6      | Noticed Duvessa
  8454 | D:6      | Noticed Dowan
  8475 | D:6      | Killed Duvessa
  8475 | D:6      | Reached skill level 5 in Fighting
  8484 | D:6      | Killed Dowan
  9140 | D:7      | Found a staircase to the Ecumenical Temple.
  9189 | D:7      | Noticed Menkaure
  9197 | D:7      | Killed Menkaure
  9197 | D:7      | Reached skill level 5 in Dodging
  9279 | D:7      | Found a sand-covered staircase.
  9288 | Ossuary  | Entered an ossuary
 10065 | Ossuary  | Reached skill level 9 in Necromancy
 10383 | Temple   | Entered the Ecumenical Temple
 10526 | Temple   | Became a worshipper of Kikubaaqudgha
 10951 | D:8      | Reached XP level 10. HP: 77/83 MP: 16/16
 11005 | D:8      | Found Hekhlef's Magic Scroll Emporium.
 11057 | D:8      | Noticed a two-headed ogre
 11060 | D:8      | Reached skill level 5 in Spellcasting
 11543 | D:8      | Noticed a two-headed ogre
 11614 | D:7      | HP: 4/83 [two-headed ogre/+0 dire flail (21)]
 12116 | D:8      | Reached * piety under Kikubaaqudgha
 12116 | D:8      | Identified Kikubaaqudgha's Tome of Sinister Rites
                  | (Kikubaaqudgha gifted it to you on level 8 of the Dungeon)
 12116 | D:8      | Received a gift from Kikubaaqudgha
 12124 | D:8      | Killed a two-headed ogre
 12501 | D:7      | Killed a two-headed ogre
 12634 | D:9      | Reached skill level 10 in Necromancy
 12715 | D:9      | Found a deep blue altar of Sif Muna.
 12715 | D:9      | Found a basalt altar of Yredelemnul.
 12718 | D:9      | Found a glowing golden altar of the Shining One.
 12786 | D:9      | Learned a level 4 spell: Animate Dead
 13116 | D:10     | Entered Level 10 of the Dungeon
 13150 | D:10     | Noticed Josephine
 13174 | D:10     | HP: 2/84 [Josephine/+0 dagger (3)]
 13176 | D:10     | Killed Josephine
 13176 | D:10     | Reached XP level 11. HP: 3/92 MP: 7/18
 13585 | D:10     | Found a staircase to the Orcish Mines.
 13679 | D:10     | Slain by a komodo dragon

Skill      XL: |  1  2  3  4  5  6  7  8  9 10 |
---------------+-------------------------------+-----
Dodging        | 2 3 4 5 6 |  6.4
Spellcasting   | 2 3 4 5 |  5.9
Fighting       | 1 2 3 4 5 7 |  7.1
Stealth        | 3 4 5 6 8 |  8.3
Necromancy     | 5 6 7 9 10 | 10.5
Unarmed Combat | |  0.4

Action                   |  1- 3 |  4- 6 |  7- 9 | 10-12 || total
-------------------------+-------+-------+-------+-------++-------
Melee: Unarmed           |    20 |       |       |       ||    20
       Short sword       |    52 |       |       |       ||    52
       Dagger            |    33 |   233 |   565 |   202 ||  1033
       Punch             |     1 |     2 |     3 |       ||     6
Throw: Stone             |    15 |    10 |     6 |     2 ||    33
 Cast: Pain              |    45 |    12 |     2 |     1 ||    60
       Vampiric Draining |       |    38 |    31 |    24 ||    93
Evoke: Wand              |       |       |       |     5 ||     5
  Use: Scroll            |     4 |     2 |    10 |       ||    16
       Potion            |       |     2 |     4 |     1 ||     7
 Stab: Sleeping          |     2 |     5 |    14 |     6 ||    27
       Distracted        |       |       |     2 |       ||     2
  Eat: Chunk             |     9 |    16 |    27 |     6 ||    58
       Ration            |       |       |       |     1 ||     1
Armor: Robe              |    17 |    59 |   139 |    53 ||   268
Dodge: Dodged            |    65 |   184 |   317 |   176 ||   742
